 Dungeon Crawl Stone Soup version 0.18-a0-1562-gac8da35 (webtiles) character file.

328 Leszczynek the Insei (level 6, 0/34 HPs)
             Began as an Octopode Transmuter on Mar 13, 2016.
             Was a Follower of Ru.
             Shot with an arrow by a centaur (6 damage)
             ... on level 5 of the Dungeon.
             The game lasted 00:20:45 (5455 turns).

Leszczynek the Insei (Octopode Transmuter)          Turns: 5455, Time: 00:20:52

Health: 0/34       AC:  1    Str:  8 (9)  XL:     6   Next: 50%
Magic:  9/9        EV: 10    Int: 15 (16) God:    Ru [*.....]
Gold:   245        SH:  8    Dex: 13 (14) Spells: 3 memorised, 4 levels left

rFire  . . .     SeeInvis .       - Unarmed
rCold  . . .     Gourm    .     e - +1 shield
rNeg   . . .     Faith    .     (helmet restricted)
rPois  .         Spirit   .     (no amulet)
rElec  .         Dismiss  .     (no ring)
rCorr  .         Reflect  .     (no ring)
SustAt .         Harm     .     (no ring)
MR     .....                    (no ring)
Stlth  +++.......               (no ring)
                                (no ring)
                                (no ring)
                                (no ring)

@: not resistant to hostile enchantments, fairly stealthy
A: almost no armour, amphibious, 8 rings, constrict 8, camouflage 1, blink,
frail 1, gelatinous body 1
a: Blink, Renounce Religion


You were on level 5 of the Dungeon.
You worshipped Ru.
Ru was aware of your devotion.
You were not hungry.

You visited 1 branch of the dungeon, and saw 5 of its levels.

You collected 245 gold pieces.

Inventory:

Missiles
 a - 84 arrows
 d - 6 arrows of dispersal
 p - 111 stones (quivered)
Armour
 e - a +1 shield (worn)
Scrolls
 i - a scroll of enchant armour
 j - 2 scrolls of identify
Potions
 f - a potion of might {unknown}
 q - 2 potions of brilliance
 u - a potion of curing
Books
 b - a book of Changes

   Spells                             Type                      Level
   a - Beastly Appendage              Transmutation                1
   b - Sticks to Snakes               Transmutation                2
   c - Spider Form                    Transmutation/Poison         3
   d - Ice Form                       Ice/Transmutation            4
   e - Blade Hands                    Transmutation                5
Comestibles
 c - a bread ration
 g - a chunk of flesh
 m - 4 meat rations


   Skills:
 - Level 1.0 Fighting
 - Level 2.4 Dodging
 - Level 2.4 Stealth
 + Level 2.0 Shields
 * Level 5.8 Unarmed Combat
 - Level 2.0 Spellcasting
 - Level 2.7 Transmutations


You had 4 spell levels left.
You knew the following spells:

 Your Spells              Type           Power        Failure   Level  Hunger
a - Beastly Appendage     Trmt           #.....       41%         1    #......
b - Sticks to Snakes      Trmt           #.......     67%         2    ###....
c - Cure Poison           Pois           #.........   99%         2    ###....


Dungeon Overview and Level Annotations

Branches:
Dungeon (5/15)             Temple (0/1) D:4

Altars:
Ashenzari
Cheibriados
Kikubaaqudgha
Okawaru
Qazlal
Ru
Sif Muna
Trog
Vehumet
The Shining One

Annotations:
D:2 Natasha
D:5 Canard's ghost, novice VSMo


Innate Abilities, Weirdness & Mutations

You cannot wear most types of armour.
You are amphibious.
You can wear up to eight rings at the same time.
You can use your tentacles to constrict eight enemies at once.
Your skin changes colour to match your surroundings (Stealth).
You are frail (-10% HP).
Your rubbery body absorbs attacks (AC +1).
You can translocate small distances at will.


Message History

You closely miss the quokka. You grab the quokka. You squeeze the quokka.
The quokka is heavily wounded.
You constrict the quokka, but do no damage.
The quokka bites you but does no damage.
You bludgeon the quokka!
You kill the quokka!
No target in view!
No target in view!
You see here a quokka corpse.
You butcher the quokka corpse.
g - a chunk of flesh A centaur comes into view.
The crimson imp shouts!
The centaur shouts!
The centaur wields a glowing shortbow.
It is covered in frost.
The centaur shoots an arrow.
The arrow hits you! The arrow freezes you.
The centaur shoots an arrow.
The arrow hits you!
* * * LOW HITPOINT WARNING * * *
The arrow freezes you.
You die...

......#W## #..c. .##
####.$#.## #.... ...
.....#...
#....###.######.###W..
....................
.............####..
####..........<####..
#....................
#.#.@..........###...
#.#..................
#.#............###...
#.#............# #...
#.#.############ #...
#.#5# #... #.#.# #...
#.#.. ....
#.############ ###.


You could see a centaur and a crimson imp.

Vanquished Creatures
  A howler monkey (D:4)
  A giant frog zombie (D:5)
  An orc wizard (D:4)
  A giant frog skeleton (D:4)
  A worker ant (D:4)
  A worker ant zombie (D:5)
  A howler monkey skeleton (D:4)
  4 adders
  An ooze (D:3)
  3 worms
  3 dart slugs
  3 giant geckos
  5 orcs (D:4)
  9 bats
  6 giant cockroaches
  8 goblins
  9 hobgoblins
  4 jackals
  A quokka (D:5)
  4 giant newts
  7 kobolds
  A quokka skeleton (D:4)
  2 rats (D:1)
77 creatures vanquished.

Vanquished Creatures (collateral kills)
  Robin (D:3)
  An adder (D:3)
  A worm (D:2)
  7 goblins (D:3)
  5 hobgoblins
  2 kobolds (D:1)
  A rat (D:3)
18 creatures vanquished.

Grand Total: 95 creatures vanquished

Notes
Turn   | Place    | Note
--------------------------------------------------------------
     0 | D:1      | Leszczynek the Octopode Transmuter began the quest for the Orb.
     0 | D:1      | Reached XP level 1. HP: 13/13 MP: 3/3
   297 | D:1      | >just run away from threats, it's easy
   367 | D:1      | Reached XP level 2. HP: 18/18 MP: 5/5
   371 | D:1      | Reached skill level 1 in Stealth
   385 | D:1      | Learned a level 2 spell: Sticks to Snakes
   398 | D:1      | shield
   398 | D:1      | well, time to turn into a monk
   952 | D:1      | Reached XP level 3. HP: 15/23 MP: 6/6
  1355 | D:1      | Reached skill level 1 in Shields
  1382 | D:2      | Reached skill level 4 in Unarmed Combat
  2142 | D:2      | Noticed Natasha
  2257 | D:2      | Reached XP level 4. HP: 28/28 MP: 7/7
  2468 | D:3      | Found a faded altar to an unknown god.
  2679 | D:3      | Became a worshipper of Ru the Awakened
  2679 | D:3      | well, not bad actually
  2679 | D:3      | i was afraid of getting something worse tbh
  2697 | D:3      | all sacrifices are bad
  2697 | D:3      | Gained mutation: You are frail (-10% HP). [Ru sacrifice]
  2697 | D:3      | Reached * piety under Ru
  2738 | D:3      | Noticed Robin
  2784 | D:3      | Killed Robin
  2999 | D:3      | Reached XP level 5. HP: 17/29 MP: 4/8
  3161 | D:3      | Learned a level 2 spell: Cure Poison
  3212 | D:3      | probably the first time i ever memorised Cure Poison
  3277 | D:4      | Noticed an ogre
  3357 | D:4      | Reached skill level 5 in Unarmed Combat
  3404 | D:4      | Found an iron altar of Okawaru.
  3450 | D:4      | Found a radiant altar of Vehumet.
  3450 | D:4      | Found an ancient bone altar of Kikubaaqudgha.
  3547 | D:4      | Found a deep blue altar of Sif Muna.
  3553 | D:4      | Identified Kikubaaqudgha's Handbook of Black Magic
  3658 | D:4      | Found a snail-covered altar of Cheibriados.
  3658 | D:4      | Found a stormy altar of Qazlal.
  3737 | D:4      | Found a shattered altar of Ashenzari.
  3763 | D:4      | Reached XP level 6. HP: 28/34 MP: 7/9
  4123 | D:4      | Found a glowing golden altar of the Shining One.
  4186 | D:4      | Found a staircase to the Ecumenical Temple.
  4262 | D:4      | 10% failure, fails 3 out of 4 times
  4752 | D:4      | Gained mutation: You can translocate small distances at will. [potion of beneficial mutation]
  4796 | D:5      | Entered Level 5 of the Dungeon
  4796 | D:5      | Noticed Canard's ghost (novice VSMo)
  5096 | D:5      | Found a bloodstained altar of Trog.
  5455 | D:5      | Shot with an arrow by a centaur

Vault maps used:
D:1:      eino_arrival_cavern_d, lemuel_another_geyser
D:2:      first_bread, uniq_natasha
D:3:      ecumenical_altar_1, minivault_14, serial_bayou_lagoon_b, uniq_robin
D:4:      grunt_temple_overflow_magic_moments, lemuel_round_altar,
          old_standard_altar, ashenzari_conservatory_becter,
          amethyst_overflow_temple_binary, temple_hall
D:5:      kennysheep_mini, uniq_eustachio, uniq_blork_the_orc

Skill      XL: |  1  2  3  4  5  6 |
---------------+-------------------+-----
Stealth        | 1 2 |  2.4
Shields        | 1 2 |  2.0
Unarmed Combat | 4 5 |  5.8
Fighting       | |  1.0
Dodging        | |  2.4
Spellcasting   | |  2.0
Transmutations | |  2.7

Action                   |  1- 3 |  4- 6 || total
-------------------------+-------+-------++-------
Melee: Unarmed           |    90 |   106 ||   196
Throw: Stone             |     5 |    11 ||    16
 Cast: Beastly Appendage |    10 |    10 ||    20
       Sticks to Snakes  |     6 |    22 ||    28
Invok: Sacrifice Health  |       |     1 ||     1
 Abil: Blink             |       |     2 ||     2
  Use: Potion            |       |     9 ||     9
       Scroll            |       |     6 ||     6
 Stab: Sleeping          |    11 |     8 ||    19
  Eat: Chunk             |     5 |     7 ||    12
       Bread ration      |       |     1 ||     1
       Beef jerky        |       |     1 ||     1
